 Dungeon Crawl Stone Soup version 0.29.1-12-g30fa7ad0bf (webtiles) character file.

Game seed: 5132642872307130332

357 KittyFluff the Covered (level 6, -4/58 HPs)
             Began as a Gargoyle Berserker on Jan 6, 2023.
             Was a Priest of Trog.
             Slain by a black bear (6 damage)
             ... on level 5 of the Dungeon.
             The game lasted 00:16:19 (3571 turns).

KittyFluff the Covered (Gargoyle Berserker)         Turns: 3571, Time: 00:16:20

Health: -4/58      AC: 11    Str: 20    XL:     6   Next: 64%
Magic:  6/6        EV: 11    Int:  8    God:    Trog [***...]
Gold:   188        SH:  3    Dex: 11    Spells: 5/5 levels left

rFire   . . .      SeeInvis .   a - +0 mace
rCold   . . .      Faith    .   v - +0 buckler
rNeg    + + .      Spirit   .   w - +0 leather armour
rPois   ∞          Reflect  .   h - +2 hat
rElec   +          Harm     .   (no cloak)
rCorr   .          Rampage  .   (no gloves)
Will    .....                   y - +0 pair of boots
Stlth   ..........              (no amulet)
HPRegen 0.19/turn               d - ring of positive energy
MPRegen 0.10/turn               (no ring)

@: berserking, very quick
A: sickness immunity, AC +4, negative energy resistance 1, electricity
resistance, torment resistance 1, petrification resistance
a: Renounce Religion, Berserk, Trog's Hand


You were on level 5 of the Dungeon.
You worshipped Trog.
Trog was most pleased with you.
You visited 1 branch of the dungeon, and saw 5 of its levels.

You collected 188 gold pieces.

Inventory:

Hand Weapons
 a - a +0 mace (weapon)
Missiles
 g - 18 stones (quivered)
Armour
 c - a +0 ring mail
 h - a +2 hat (worn)
 l - a +0 scale mail
 o - a +1 robe of cold resistance
 r - a +1 helmet
 v - a +0 buckler (worn)
 w - a +0 leather armour (worn)
 y - a +0 pair of boots (worn)
Jewellery
 d - a ring of positive energy (left hand)
Wands
 C - a wand of flame (15)
Scrolls
 f - a scroll of brand weapon {unknown}
 i - 2 scrolls of amnesia {unknown}
 j - 2 scrolls of butterflies {unknown}
 k - a scroll of magic mapping {unknown}
 q - a scroll of vulnerability {unknown}
 t - 2 scrolls of fear {unknown}
 u - 5 scrolls of teleportation {unknown}
 A - a scroll of poison {unknown}
 D - a scroll of summoning {unknown}
Potions
 b - a potion of curing
 e - a potion of attraction
 m - a potion of might
 n - a potion of flight
 p - a potion of mutation
 s - a potion of haste
 x - a potion of invisibility
 z - a potion of ambrosia {unknown}
 B - a potion of lignification {unknown}


   Skills:
 + Level 4.6 Fighting
 + Level 4.0 Maces & Flails
 * Level 5.0 Armour
 + Level 2.8 Dodging
 + Level 0.3 Shields


You had 5 spell levels left.
You didn't know any spells.
Your spell library was empty.

Dungeon Overview and Level Annotations

Branches:
Dungeon (5/15)             Temple (0/1) D:4

Altars:
Vehumet


Innate Abilities, Weirdness & Mutations

You are immune to sickness and miasma.
Your stone body is resilient. (AC +4)
You are immune to poison.
You resist negative energy. (rN+)
You are resistant to electric shocks. (rElec)
You are resistant to unholy torment.
You are immune to petrification.


Message History

The black bear claws you but does no damage.
The black bear bites you. The black bear closely misses you.
The black bear barely misses you.
You hit the black bear.
The black bear is severely wounded.
The black bear bites you. The black bear misses you.
The black bear claws you but does no damage.
The black bear bites you but does no damage.
The black bear closely misses you.
The black bear claws you but does no damage.
You hit the black bear.
The black bear is almost dead.
The black bear bites you. The black bear closely misses you.
The black bear claws you.
The black bear bites you but does no damage.
The black bear completely misses you. The black bear claws you.
You hit the black bear.
The black bear is almost dead.
The black bear barely misses you. x2; The black bear closely misses you.
The black bear bites you.
The black bear claws you but does no damage.
The black bear claws you.
You barely miss the black bear.
The black bear is almost dead.
The black bear bites you.
* * * LOW HITPOINT WARNING * * *
The black bear claws you.
* * * LOW HITPOINT WARNING * * *
You block the black bear's attack. The black bear bites you!
* * * LOW HITPOINT WARNING * * *
The black bear claws you but does no damage. x2
A red film seems to cover your vision as you go berserk!
You feel yourself moving faster!
You feel mighty! The black bear bites you.
* * * LOW HITPOINT WARNING * * *
The black bear barely misses you. The black bear claws you.
* * * LOW HITPOINT WARNING * * *
You hit the black bear.
The black bear is almost dead.
The black bear misses you. The black bear claws you.
You die...

#<.##......... #####
##.##.........
#...#####..#.........
#..........#.......##
#...#........###.#...
######....#..........
#.#.........#...
#.##....##.....
#@#####.# ##... #h#
#.# .. ####.# #.....#
. #....# #.....#
........# #.......
......... #.....##..
.........# #...... .
.......... #.....#.
........#........#..


You could see a black bear (berserk).

Vanquished Creatures
  A scorpion (D:4)
  A jelly (D:5)
  An iguana (D:4)
  3 orc wizards (D:3)
  6 adders
  A gnoll (D:1)
  4 dart slugs
  9 orcs
  7 ball pythons
  5 bats
  8 endoplasms
  7 giant cockroaches
  4 goblins
  5 hobgoblins
  A jackal (D:3)
  8 kobolds
  3 quokkas
  6 frilled lizards
  8 rats
88 creatures vanquished.

Notes
Turn   | Place    | Note
-------+----------+-------------------------------------------
     0 | D:1      | KittyFluff the Gargoyle Berserker began the quest for the
                  | Orb.
     0 | D:1      | Reached XP level 1. HP: 14/14 MP: 1/1
    79 | D:1      | Reached XP level 2. HP: 16/19 MP: 2/2
   613 | D:1      | Reached skill level 3 in Armour
   613 | D:1      | Reached XP level 3. HP: 13/23 MP: 3/3
  1109 | D:1      | Reached ** piety under Trog
  1450 | D:2      | Reached XP level 4. HP: 29/29 MP: 4/4
  2117 | D:2      | Found a faded altar of an unknown god.
  2283 | D:3      | Reached skill level 4 in Armour
  2283 | D:3      | Reached XP level 5. HP: 23/33 MP: 5/5
  2643 | D:3      | Reached *** piety under Trog
  3087 | D:4      | Reached XP level 6. HP: 36/39 MP: 6/6
  3388 | D:4      | Found a radiant altar of Vehumet.
  3468 | D:4      | Found a staircase to the Ecumenical Temple.
  3481 | D:5      | Entered Level 5 of the Dungeon
  3519 | D:5      | Reached skill level 5 in Armour
  3553 | D:5      | Noticed a black bear
  3570 | D:5      | HP: 2/58 [black bear (3)]
  3571 | D:5      | Slain by a black bear

Illustrated notes

Levels and vault maps discovered:
D:1:      nzn_arrival_water_spiral, layout_basic
D:2:      layout_basic, serial_rivers, chequers_serial_rivers_large_a,
          chequers_serial_rivers_micro_c, chequers_serial_rivers_micro_c,
          chequers_serial_rivers_small_3,
          shapermc_ecumenical_altar_mp_highgroup, chequers_mini_garden,
          chequers_decorated_corner, hex_tiny, minmay_randomly_rotated_circles
D:3:      layout_rooms, minmay_joined_circles
D:4:      layout_cave_pools, vehumet_altar_wand_db, temple_green
D:5:      lemuel_insect_pit, layout_rooms, sigmund_army

Skill      XL: |  1  2  3  4  5  6 |
---------------+-------------------+-----
Armour         | 3 4 5 |  5.0
Dodging        | 2 |  2.8
Fighting       | 4 |  4.6
Maces & Flails | 4 |  4.0
Shields        | |  0.3

Action                   |  1- 3 |  4- 6 || total
-------------------------+-------+-------++-------
Melee: Mace              |   100 |   220 ||   320
       Punch             |     1 |     1 ||     2
Invok: Berserk           |       |     2 ||     2
  Use: Scroll            |       |     7 ||     7
 Stab: Sleeping          |     2 |       ||     2
Armor: Animal skin       |    39 |    37 ||    76
       Leather armour    |       |    76 ||    76
Dodge: Dodged            |    84 |   143 ||   227
Block: Buckler           |       |    20 ||    20
